EVO
OHIO STATE UNIVERSITY BUCKEYES @ OKLAHOMA STATE UNIVERSITY COWBOYS
12/02/2047
 
TOP OF THE 1ST
Ohio State University Buckeyes batting - Pitching for Oklahoma State University Cowboys : LHP Dusty Blubaugh
Pitching: LHP Dusty Blubaugh
Batting: LHB Adam Simpson 0-0: Ball
1-0: Ball
2-0: Ball
3-0: Called Strike
3-1: Base on Balls
Batting: RHB Mike Tarantino 0-0: Fly out, F4 (Line Drive, 4, EV 71.2 MPH)
Batting: RHB Tristan Gimple 0-0: Called Strike
0-1: Ball
Adam Simpson is caught stealing 2nd base 2-4
1-1: Fly out, F9 (Flyball, 89M, EV 72.5 MPH)
Top of the 1st over - 0 runs, 0 hits, 0 errors, 0 left on base; Ohio State University 0 - Oklahoma State University 0
BOTTOM OF THE 1ST
Oklahoma State University Cowboys batting - Pitching for Ohio State University Buckeyes : RHP Ben Fekete
Pitching: RHP Ben Fekete
Batting: RHB Simon Gravitt 0-0: Fly out, F9 (Flyball, 9D, EV 100.0 MPH)
Batting: LHB Dwayne Roche 0-0: Ball
1-0: Foul Ball, location: 2F
1-1: Foul Ball, location: 2F
1-2: Ball
2-2: Ball
3-2: Fly out, F9 (Flyball, 89S, EV 80.0 MPH)
Batting: LHB Kyle David 0-0: Foul Ball, location: 2F
0-1: Ground out U3 (Groundball, 3, EV 101.2 MPH)
Bottom of the 1st over - 0 runs, 0 hits, 0 errors, 0 left on base; Ohio State University 0 - Oklahoma State University 0
TOP OF THE 2ND
Ohio State University Buckeyes batting - Pitching for Oklahoma State University Cowboys : LHP Dusty Blubaugh
Batting: RHB Masatoshi Mori 0-0: Foul Ball, location: 2F
0-1: Ball
1-1: Swinging Strike
1-2: Strikes out swinging
Batting: RHB Bo Wu 0-0: Fly out, F8 (Flyball, 8LM, EV 78.8 MPH)
Batting: LHB Zach Brandt 0-0: Foul Ball, location: 2F
0-1: Called Strike
0-2: Foul Ball, location: 2F
0-2: Foul Ball, location: 2F
0-2: Fly out, F8 (Flyball, 8LD, EV 99.4 MPH)
Top of the 2nd over - 0 runs, 0 hits, 0 errors, 0 left on base; Ohio State University 0 - Oklahoma State University 0
BOTTOM OF THE 2ND
Oklahoma State University Cowboys batting - Pitching for Ohio State University Buckeyes : RHP Ben Fekete
Batting: LHB Jeff Williams 0-0: Called Strike
0-1: Called Strike
0-2: Foul Ball, location: 2F
0-2: Ball
1-2: Foul Ball, location: 2F
1-2: Fly out, F5 (Popup, 5, EV 66.9 MPH)
Batting: RHB Magnus Laursen 0-0: Ball
1-0: Ball
2-0: Ball
3-0: Called Strike
3-1: Base on Balls
Batting: LHB Cory Rohr 0-0: Ball
1-0: Fly out, F8 (Flyball, 78D, EV 108.1 MPH)
Batting: RHB Rory Cardosi 0-0: Ball
1-0: Fielders Choice at 2nd, 6-4 (Groundball, 6, EV 82.5 MPH)
Bottom of the 2nd over - 0 runs, 0 hits, 0 errors, 1 left on base; Ohio State University 0 - Oklahoma State University 0
TOP OF THE 3RD
Ohio State University Buckeyes batting - Pitching for Oklahoma State University Cowboys : LHP Dusty Blubaugh
Batting: LHB Anthony Ross 0-0: Ball
1-0: Called Strike
1-1: Ground out 1-3 (Groundball, 25, EV 66.9 MPH)
Batting: RHB Marcelo Bardelli 0-0: Ball
1-0: Foul Ball, location: 2F
1-1: SINGLE (Groundball, 56, EV 90.6 MPH) (infield hit)
Batting: LHB Ben Callaway 0-0: Ball
1-0: Called Strike
1-1: Ball
2-1: Ball
3-1: Base on Balls
Marcelo Bardelli to second
Batting: LHB Adam Simpson 0-0: Called Strike
0-1: Swinging Strike
0-2: Ball
1-2: Strikes out swinging
Batting: RHB Mike Tarantino 0-0: Called Strike
0-1: Ball
1-1: Ball
2-1: Foul Ball, location: 2F
2-2: Strikes out swinging
Top of the 3rd over - 0 runs, 1 hit, 0 errors, 2 left on base; Ohio State University 0 - Oklahoma State University 0
BOTTOM OF THE 3RD
Oklahoma State University Cowboys batting - Pitching for Ohio State University Buckeyes : RHP Ben Fekete
Batting: RHB Estevan Alvarez 0-0: Ball
1-0: Foul Ball, location: 2F
1-1: Ball
2-1: Ground out 6-3 (Groundball, P, EV 78.8 MPH)
Batting: RHB Frederik Koster 0-0: Called Strike
0-1: Ball
1-1: Ball
2-1: Swinging Strike
2-2: Ground out 3-1 (Groundball, 13, EV 78.1 MPH)
Batting: RHB Simon Gravitt 0-0: Foul Ball, location: 2F
0-1: Called Strike
0-2: Foul Ball, location: 2F
0-2: Ball
1-2: Ball
2-2: Ball
3-2: Fly out, F8 (Flyball, 8LD, EV 86.9 MPH)
Bottom of the 3rd over - 0 runs, 0 hits, 0 errors, 0 left on base; Ohio State University 0 - Oklahoma State University 0
TOP OF THE 4TH
Ohio State University Buckeyes batting - Pitching for Oklahoma State University Cowboys : LHP Dusty Blubaugh
Batting: RHB Tristan Gimple 0-0: Foul Ball, location: 2F
0-1: Ball
1-1: Fly out, F9 (Flyball, 9D, EV 102.5 MPH)
Batting: RHB Masatoshi Mori 0-0: Foul Ball, location: 2F
0-1: Foul Ball, location: 2F
0-2: Ball
1-2: Ball
2-2: Ball
3-2: Foul Ball, location: 2F
3-2: SINGLE (Line Drive, 9LS, EV 101.9 MPH)
Batting: RHB Bo Wu 0-0: Ball
1-0: Fly out, F8 (Flyball, 78M, EV 79.4 MPH)
Pitching: RHP Brendan Best
Batting: LHB Zach Brandt 0-0: Called Strike
0-1: Ball
1-1: Ball
2-1: Ball
3-1: SINGLE (Line Drive, 89S, EV 103.8 MPH)
Masatoshi Mori to second
Batting: LHB Anthony Ross 0-0: Foul Ball, location: 2F
0-1: Ball
1-1: Swinging Strike
1-2: Ball
2-2: Ball
Wild Pitch!
Masatoshi Mori to third
Zach Brandt to second
3-2: Foul Ball, location: 2F
3-2: Strikes out swinging
Top of the 4th over - 0 runs, 2 hits, 0 errors, 2 left on base; Ohio State University 0 - Oklahoma State University 0
BOTTOM OF THE 4TH
Oklahoma State University Cowboys batting - Pitching for Ohio State University Buckeyes : RHP Ben Fekete
Batting: LHB Dwayne Roche 0-0: Ball
1-0: Foul Ball, location: 2F
1-1: Swinging Strike
1-2: Foul Ball, location: 2F
1-2: Ball
2-2: Strikes out swinging
Batting: LHB Kyle David 0-0: Called Strike
0-1: Ball
1-1: Ball
2-1: Foul Ball, location: 2F
2-2: Foul Ball, location: 2F
2-2: Ball
3-2: Fly out, F8 (Flyball, 8LM, EV 78.1 MPH)
Batting: LHB Jeff Williams 0-0: Ball
1-0: Swinging Strike
1-1: Ball
2-1: DOUBLE (Line Drive, 78D, EV 99.4 MPH)
Batting: RHB Magnus Laursen 0-0: Ball
1-0: Called Strike
1-1: Foul Ball, location: 2F
1-2: Strikes out swinging
Bottom of the 4th over - 0 runs, 1 hit, 0 errors, 1 left on base; Ohio State University 0 - Oklahoma State University 0
TOP OF THE 5TH
Ohio State University Buckeyes batting - Pitching for Oklahoma State University Cowboys : RHP Brendan Best
Batting: RHB Marcelo Bardelli 0-0: Ball
1-0: Called Strike
1-1: Swinging Strike
1-2: Ball
2-2: Ball
3-2: Base on Balls
Batting: LHB Ben Callaway 0-0: Called Strike
0-1: Swinging Strike
0-2: Strikes out swinging
Batting: LHB Adam Simpson 0-0: Swinging Strike
0-1: Called Strike
0-2: Strikes out swinging
Pitching: RHP Mick Conner
Batting: RHB Mike Tarantino 0-0: Ball
1-0: SINGLE (Line Drive, 9S, EV 104.4 MPH)
Marcelo Bardelli to second
Batting: RHB Tristan Gimple 0-0: Ball
Wild Pitch!
Marcelo Bardelli to third
Mike Tarantino to second
1-0: 3-RUN HOME RUN (Flyball, 9LD, EV 95.0 MPH), Distance : 342 ft
Batting: RHB Masatoshi Mori 0-0: Foul Ball, location: 2F
0-1: Ball
1-1: Ball
2-1: Swinging Strike
2-2: Foul Ball, location: 2F
2-2: Strikes out looking
Top of the 5th over - 3 runs, 2 hits, 0 errors, 0 left on base; Ohio State University 3 - Oklahoma State University 0
BOTTOM OF THE 5TH
Oklahoma State University Cowboys batting - Pitching for Ohio State University Buckeyes : RHP Ben Fekete
Batting: LHB Cory Rohr 0-0: Foul Ball, location: 2F
0-1: Ground out 5-3 (Groundball, 56S, EV 85.6 MPH)
Batting: RHB Rory Cardosi 0-0: SINGLE (Groundball, 6MD, EV 106.2 MPH)
Batting: RHB Estevan Alvarez 0-0: Called Strike
0-1: Called Strike
0-2: Strikes out swinging
Batting: RHB Frederik Koster 0-0: Ball
1-0: Called Strike
1-1: Ball
2-1: Ground out 4-3 (Groundball, 34S, EV 91.9 MPH)
Bottom of the 5th over - 0 runs, 1 hit, 0 errors, 1 left on base; Ohio State University 3 - Oklahoma State University 0
TOP OF THE 6TH
Ohio State University Buckeyes batting - Pitching for Oklahoma State University Cowboys : RHP Mick Conner
Batting: RHB Bo Wu 0-0: Ball
1-0: Ball
2-0: Swinging Strike
2-1: Fly out, F7 (Line Drive, 7, EV 86.2 MPH)
Batting: LHB Zach Brandt 0-0: Ball
1-0: Swinging Strike
1-1: Ball
2-1: Ground out 5-3 (Groundball, 5, EV 77.5 MPH)
Batting: LHB Anthony Ross 0-0: Ball
1-0: Foul Ball, location: 2F
1-1: Ground out 3-1 (Groundball, 34D, EV 106.2 MPH)
Top of the 6th over - 0 runs, 0 hits, 0 errors, 0 left on base; Ohio State University 3 - Oklahoma State University 0
BOTTOM OF THE 6TH
Oklahoma State University Cowboys batting - Pitching for Ohio State University Buckeyes : RHP Ben Fekete
Batting: RHB Simon Gravitt 0-0: Called Strike
0-1: Ball
1-1: Ball
2-1: Swinging Strike
2-2: Strikes out swinging passed ball, reaches first!
Batting: LHB Dwayne Roche 0-0: Swinging Strike
0-1: Ball
1-1: Ball
2-1: Ball
3-1: Foul Ball, location: 2F
3-2: SINGLE (Groundball, 15S, EV 64.4 MPH) (infield hit)
Simon Gravitt to second
Pitching: RHP Leonidas Panagopoulos
Batting: LHB Kyle David 0-0: Ball
1-0: Swinging Strike
1-1: Foul Ball, location: 2F
1-2: Foul Ball, location: 2F
1-2: Ball
2-2: SINGLE (Groundball, 6MD, EV 105.0 MPH)
Simon Gravitt to third
Dwayne Roche to second
Runner from 3rd tries for Home, SAFE, throw by CF to home
Batting: LHB Jeff Williams 0-0: Called Strike
0-1: Foul Ball, location: 2F
0-2: Ball
1-2: Ball
2-2: Ball
3-2: Base on Balls
Dwayne Roche to third
Kyle David to second
Batting: RHB Magnus Laursen 0-0: Ball
1-0: Swinging Strike
1-1: Ball
2-1: Called Strike
2-2: Strikes out swinging
Batting: LHB Cory Rohr 0-0: Foul Ball, location: 2F
0-1: Ball
1-1: Fly out, F8 (Line Drive, 8LM, EV 85.0 MPH)
Runner from 3rd tags up, SCORES, no throw by CF
Pitching: RHP Jason Kaufman
Batting: RHB Rory Cardosi 0-0: 3-RUN HOME RUN (Flyball, 8RXD, EV 115.0 MPH), Distance : 446 ft
Batting: RHB Estevan Alvarez 0-0: Ball
1-0: Ball
2-0: Ball
3-0: Base on Balls
Batting: RHB Frederik Koster 0-0: Called Strike
0-1: Ground out 4-3 (Groundball, 34, EV 101.2 MPH)
Bottom of the 6th over - 5 runs, 3 hits, 0 errors, 1 left on base; Ohio State University 3 - Oklahoma State University 5
TOP OF THE 7TH
Ohio State University Buckeyes batting - Pitching for Oklahoma State University Cowboys : RHP Mick Conner
Pitching: LHP Zach Richards
Now in CF: Jon Guzman
Batting: RHB Marcelo Bardelli 0-0: Ground out U3 (Groundball, 34, EV 101.9 MPH)
Batting: LHB Ben Callaway 0-0: Foul Ball, location: 2F
0-1: Ball
1-1: Swinging Strike
1-2: Ball
2-2: Ball
3-2: Reached on error, E6 (Groundball, 6, EV 88.1 MPH)
Batting: LHB Adam Simpson 0-0: Called Strike
0-1: Foul Ball, location: 2F
0-2: Grounds into double play, 6-4-3 (Groundball, 6, EV 101.2 MPH)
Top of the 7th over - 0 runs, 0 hits, 1 error, 0 left on base; Ohio State University 3 - Oklahoma State University 5
BOTTOM OF THE 7TH
Oklahoma State University Cowboys batting - Pitching for Ohio State University Buckeyes : RHP Jason Kaufman
Batting: RHB Jon Guzman 0-0: Called Strike
0-1: Fly out, F8 (Flyball, 8RXD, EV 107.5 MPH)
Batting: LHB Dwayne Roche 0-0: Foul Ball, location: 2F
0-1: Swinging Strike
0-2: Ball
1-2: Ball
2-2: Strikes out swinging
Batting: LHB Kyle David 0-0: SOLO HOME RUN (Flyball, 89XD, EV 105.6 MPH), Distance : 427 ft
Batting: LHB Jeff Williams 0-0: Called Strike
0-1: Ball
1-1: Ball
2-1: Foul Ball, location: 2F
2-2: Ground out U3 (Groundball, 34S, EV 86.2 MPH)
Bottom of the 7th over - 1 run, 1 hit, 0 errors, 0 left on base; Ohio State University 3 - Oklahoma State University 6
TOP OF THE 8TH
Ohio State University Buckeyes batting - Pitching for Oklahoma State University Cowboys : LHP Zach Richards
Batting: RHB Mike Tarantino 0-0: Called Strike
0-1: Ball
1-1: Foul Ball, location: 2F
1-2: Foul Ball, location: 2F
1-2: Strikes out swinging
Batting: RHB Tristan Gimple 0-0: Ball
1-0: Fly out, F7 (Flyball, 7, EV 66.9 MPH)
Batting: RHB Masatoshi Mori 0-0: Called Strike
0-1: Fly out, F8 (Line Drive, 89M, EV 86.9 MPH)
Top of the 8th over - 0 runs, 0 hits, 0 errors, 0 left on base; Ohio State University 3 - Oklahoma State University 6
BOTTOM OF THE 8TH
Oklahoma State University Cowboys batting - Pitching for Ohio State University Buckeyes : RHP Jason Kaufman
Pitching: RHP Neville MacDonald
Batting: RHB Magnus Laursen 0-0: Ball
1-0: Called Strike
1-1: Fly out, F6 (Popup, 6MD, EV 68.1 MPH)
Batting: LHB Cory Rohr 0-0: Ball
1-0: Called Strike
1-1: Ball
2-1: Foul Ball, location: 2F
2-2: Strikes out swinging
Batting: RHB Rory Cardosi 0-0: Called Strike
0-1: SINGLE (Line Drive, 8LS, EV 111.2 MPH)
Batting: RHB Estevan Alvarez 0-0: Ball
1-0: Ball
2-0: Called Strike
2-1: Ball
3-1: Base on Balls
Rory Cardosi to second
Batting: RHB Frederik Koster 0-0: Called Strike
0-1: Fielders Choice at 2nd, 6-4 (Groundball, 6, EV 82.5 MPH)
Bottom of the 8th over - 0 runs, 1 hit, 0 errors, 2 left on base; Ohio State University 3 - Oklahoma State University 6
TOP OF THE 9TH
Ohio State University Buckeyes batting - Pitching for Oklahoma State University Cowboys : LHP Zach Richards
Pitching: RHP Justin Reed
Batting: RHB Bo Wu 0-0: Ball
1-0: Ball
2-0: Swinging Strike
2-1: Foul Ball, location: 2F
2-2: Strikes out looking
Batting: LHB Zach Brandt 0-0: Called Strike
0-1: Swinging Strike
0-2: Ball
1-2: Strikes out swinging
Batting: LHB Anthony Ross 0-0: Called Strike
0-1: Ball
1-1: Ball
2-1: Swinging Strike
2-2: Ball
3-2: Foul Ball, location: 2F
3-2: DOUBLE (Flyball, 8RXD, EV 101.9 MPH)
Batting: RHB Marcelo Bardelli 0-0: Called Strike
0-1: Ball
1-1: Fly out, F7 (Line Drive, 7D, EV 91.2 MPH)
Top of the 9th over - 0 runs, 1 hit, 0 errors, 1 left on base; Ohio State University 3 - Oklahoma State University 6
Thursday, December 15th , 2022 - OOTP Baseball 23.9 Build 102